 Dungeon Crawl Stone Soup version 0.28.0 (webtiles) character file.

Game seed: 9126028505815964465

43 browni3141 the Skirmisher (level 3, -3/33 HPs)
             Began as a Minotaur Berserker on Feb 15, 2022.
             Was a Believer of Trog.
             Slain by a gnoll (11 damage)
             ... on level 2 of the Dungeon.
             The game lasted 00:00:33 (1360 turns).

browni3141 the Skirmisher (Minotaur Berserker)      Turns: 1360, Time: 00:00:34

Health: -3/33      AC:  2    Str: 21    XL:     3   Next: 37%
Magic:  2/2        EV: 12    Int:  4    God:    Trog [**....]
Gold:   19         SH:  0    Dex: 11    Spells: 2/2 levels left

rFire   + . .      SeeInvis .   a - +0 hand axe
rCold   . . .      Faith    .   (no shield)
rNeg    . . .      Spirit   .   b - +0 animal skin
rPois   .          Reflect  .   (helmet restricted)
rElec   .          Harm     .   (no cloak)
rCorr   .          Rampage  .   (no gloves)
Will    .....                   (no boots)
Stlth   +.........              (no amulet)
HPRegen 0.11/turn               i - ring of protection from fire
MPRegen 0.08/turn               (no ring)

@: no status effects
A: horns 2, retaliatory headbutt
a: Renounce Religion, Berserk, Trog's Hand


You were on level 2 of the Dungeon.
You worshipped Trog.
Trog was pleased with you.
You visited 1 branch of the dungeon, and saw 2 of its levels.

You collected 19 gold pieces.

Inventory:

Hand Weapons
 a - a +0 hand axe (weapon)
Armour
 b - a +0 animal skin (worn)
Jewellery
 i - a ring of protection from fire (left hand)
Scrolls
 d - a scroll of amnesia {unknown}
 f - a scroll of brand weapon {unknown}
 g - a scroll of magic mapping {unknown}
 k - a scroll of silence {unknown}
Potions
 c - a potion of haste {unknown}
 e - 2 potions of berserk rage {unknown}
 h - a potion of attraction {unknown}
 j - a potion of ambrosia {unknown}


   Skills:
 + Level 4.1 Fighting
 + Level 4.1 Axes
 + Level 3.1 Armour
 + Level 2.8 Dodging


You had 2 spell levels left.
You didn't know any spells.
Your spell library was empty.

Dungeon Overview and Level Annotations

Branches:
Dungeon (2/15)

Altars:


Innate Abilities, Weirdness & Mutations

You have a pair of horns on your head.
You reflexively headbutt those who attack you in melee.


Message History

You closely miss the adder. Your headbutt misses the adder.
The adder bites you. x2
You hit the adder. Your headbutt misses the adder.
The adder is moderately wounded.
The adder barely misses you.
An adder is nearby!
You hit the adder. Your headbutt misses the adder.
The adder is almost dead.
The adder bites you. The adder closely misses you.
An adder is nearby!
An adder is nearby!
You slash the adder!
You kill the adder!
Trog accepts your kill.
No target in view!
A gnoll comes into view. It is wielding a +0 flail.
The gnoll shouts!
You hear a shout!
You hear an angry hiss.
You see here an adder corpse.
No target in view!
An adder comes into view.
A gnoll comes into view. It is wielding a +0 flail.
A frilled lizard and a gnoll come into view.
The adder hisses angrily.
The frilled lizard hisses angrily.
The gnoll shouts!
An endoplasm comes into view.
Found a stone staircase leading down.
An adder comes into view.
The adder hisses angrily.
The adder bites you but does no damage.
The gnoll hits you from afar with a +0 halberd.
The frilled lizard closely misses you. The adder completely misses you.
There are monsters nearby!
There are monsters nearby!
You hit the gnoll. Your headbutt misses the gnoll.
The gnoll is lightly wounded.
You miss the adder.
You hit the frilled lizard but do no damage.
The gnoll hits you from afar with a +0 halberd.
* * * LOW HITPOINT WARNING * * *
The gnoll hits you with a +0 flail!
You die...

...##.###.....# .#
######.#.####.# ...#
#####......##.# ...#
#..........##.# ...#
..###.#..#.##.# ...#
#.#.......###...####
#.#.....†...........
#............l......
####.##.....@.=.....
#.....##.gS....##
#.######.#gg.#.# #.#
#.#.J.# # #. #.#...#
#>#...S. #....... ##
......


You could see 3 gnolls, 2 adders, an endoplasm and a frilled lizard.

Vanquished Creatures
  An adder (D:2)
  2 dart slugs (D:1)
  5 ball pythons
  A bat (D:1)
  4 endoplasms
  3 goblins (D:1)
  3 hobgoblins
  2 quokkas (D:1)
  2 frilled lizards (D:1)
  3 kobolds (D:1)
  2 rats
28 creatures vanquished.

Notes
Turn   | Place    | Note
-------+----------+-------------------------------------------
     0 | D:1      | browni3141 the Minotaur Berserker began the quest for the
                  | Orb.
     0 | D:1      | Reached XP level 1. HP: 19/19 MP: 0/0
    20 | D:1      | Found a faded altar of an unknown god.
   149 | D:1      | HP: 1/20 [hobgoblin (5)]
   151 | D:1      | Reached XP level 2. HP: 1/27 MP: 1/1
  1130 | D:1      | Reached XP level 3. HP: 32/33 MP: 2/2
  1330 | D:2      | Reached ** piety under Trog
  1360 | D:2      | Slain by a gnoll

Illustrated notes

Levels and vault maps discovered:
D:1:      scummos_arrival_forest, layout_basic,
          hellmonk_ecumenical_altar_crossroads
D:2:      layout_loops_cross, corexii_leaking_fountain, uniq_terence,
          uniq_sigmund

Skill      XL: |  1  2 |
---------------+-------+-----
Fighting       | 4 |  4.1
Axes           | 4 |  4.1
Armour         | 3 |  3.1
Dodging        | |  2.8

Action                   || total
-------------------------++-------
Melee: Hand axe          ||    56
       Headbutt          ||     9
Armor: Animal skin       ||     3
Dodge: Dodged            ||    42
